[Event "Titled Tuesday Blitz November 22 Early 2022"]
[White "Ovchinnikov, Vsevolod"]
[Black "Reprintsev, Alexander"]
[WhiteFideId "24176842"]
[BlackFideId "14100541"]
[WhiteElo "2376"]
[BlackElo "2230"]
[Result "0-1"]
[Round "10"]
[TimeControl "180+1"]
[Date "2022.11.23"]
[WhiteClock "0:00:01"]
[BlackClock "0:00:11"]

1. d4 d5 2. c4 e5 3. dxe5 d4 4. Nf3 Nc6 5. g3 Nge7 6. Bg2 Ng6 7. Bg5 Qd7 8. O-O h6 9. Bf4 f6 10. e6 Qd8 11. e3 Nxf4 12. exf4 Bxe6 13. Re1 Kf7 14. Nbd2 Qd7 15. a3 a5 16. Nh4 g6 17. Rxe6 Kxe6 18. Qg4+ f5 19. Re1+ Kd6 20. Qxg6+ Kc5 21. Nxf5 Kb6 22. Nh4 Bc5 23. Bd5 Rhe8 24. Rb1 Ka7 25. b4 Bb6 26. Nb3 d3 27. Qxd3 axb4 28. c5 Rad8 29. cxb6+ cxb6 30. Rd1 Ne7 31. Nf3 Qxd5 32. Qxd5 Rxd5 33. Ra1 bxa3 34. Rxa3+ Kb8 35. Kg2 Nc6 36. Ra2 Rd3 37. Nc1 Rc3 38. Ra1 b5 39. Rb1 b4 40. Na2 Rc4 41. Rb2 Ree4 42. h4 Rc5 43. Kh3 Rec4 44. Rb3 Rb5 0-1


[Site "https://www.chess.com"]

[Event "Titled Tuesday Blitz November 22 Early 2022"]
[White "Ozen, Bahadir"]
[Black "Artemenko, Oleg"]
[WhiteFideId "6337058"]
[BlackFideId "14201798"]
[WhiteElo "2503"]
[BlackElo "2287"]
[Result "1-0"]
[Round "10"]
[TimeControl "180+1"]
[Date "2022.11.22"]
[WhiteClock "0:00:43"]
[BlackClock "0:00:20"]

1. g3 d5 2. Nf3 Nf6 3. Bg2 Bg4 4. h3 Bh5 5. O-O Nbd7 6. d3 e5 7. Nh4 Bc5 8. Qe1 O-O 9. e4 dxe4 10. dxe4 Ne8 11. b4 Bb6 12. Bb2 Nd6 13. Nd2 a5 14. a3 Qg5 15. Kh2 axb4 16. Nhf3 Bxf3 17. Nxf3 Qe7 18. axb4 f6 19. Qe2 Qe6 20. Nd2 Bd4 21. c3 Ba7 22. h4 Nb6 23. Bh3 Qf7 24. Bc1 Nbc4 25. Nxc4 Nxc4 26. Rd1 Nd6 27. Kg2 Kh8 28. h5 h6 29. Rd5 Bb6 30. Rxa8 Rxa8 31. c4 Bd4 32. c5 Ne8 33. Rd7 Qg8 34. Re7 b6 35. Be6 Qh7 36. Bf5 Kg8 37. Bxh7+ 1-0


[Site "https://www.chess.com"]

[Event "Titled Tuesday Blitz November 22 Early 2022"]
[White "Papasimakopoulos, Alexandros"]
[Black "Yurovskykh, Oleksandr"]
[WhiteFideId "4244125"]
[BlackFideId "14134020"]
[WhiteElo "2365"]
[BlackElo "2265"]
[Result "1-0"]
[Round "10"]
[TimeControl "180+1"]
[Date "2022.11.23"]
[WhiteClock "0:00:19"]
[BlackClock "0:00:01"]

1. d4 g6 2. c4 Bg7 3. e4 d6 4. Nc3 e5 5. Nge2 Nc6 6. Be3 Nh6 7. d5 Ne7 8. f3 f5 9. Qd2 Nf7 10. O-O-O f4 11. Bf2 c5 12. dxc6 bxc6 13. Kb1 Be6 14. Nc1 a6 15. g3 Bh6 16. g4 c5 17. Nd5 Nc6 18. h4 Bg7 19. g5 Nd4 20. Qd3 Rb8 21. Bh3 Bxh3 22. Rxh3 Qd7 23. Rh2 Nd8 24. h5 gxh5 25. Rdh1 N8e6 26. Rxh5 Qb7 27. b3 Qf7 28. R1h3 Qg6 29. Rh6 Qxg5 30. Rxe6+ Nxe6 31. Nc7+ Nxc7 32. Qxd6 Qe7 33. Qc6+ Kf7 34. Bxc5 Qd8 35. Bd6 Rc8 36. c5 Ne6 37. Qb7+ Kg6 38. Rh1 Qf6 39. Rg1+ Ng5 40. Nd3 Rce8 41. Qxa6 h5 42. Qb5 h4 43. a4 h3 44. Rh1 h2 45. Rxh2 Rxh2 46. Qxe8+ Qf7 47. Qb8 Rh1+ 48. Kb2 Nxf3 49. a5 Rh2+ 50. Ka3 Nd4 51. Bxe5 Nc6 52. Qd6+ Kh5 53. Bxg7 Rh3 54. Nxf4+ Kg4 55. Nxh3 Nxa5 56. Qd3 Qa7 57. Kb2 Nc6 58. Nf2+ Kf4 59. Bc3 1-0


[Site "https://www.chess.com"]

[Event "Titled Tuesday Blitz November 22 Early 2022"]
[White "Piesik, Piotr"]
[Black "Horak, Martin"]
[WhiteFideId "1136194"]
[BlackFideId "367095"]
[WhiteElo "2316"]
[BlackElo "2091"]
[Result "1-0"]
[Round "10"]
[TimeControl "180+1"]
[Date "2022.11.23"]
[WhiteClock "0:02:30"]
[BlackClock "0:00:45"]

1. Nf3 Nf6 2. g3 g6 3. Bg2 Bg7 4. O-O c5 5. c3 O-O 6. d4 cxd4 7. cxd4 d5 8. Nc3 Ne4 9. Qb3 Nxc3 10. bxc3 Nc6 11. Nd2 e6 12. e4 dxe4 13. Nxe4 Re8 14. Bg5 f6 15. Be3 Ne7 16. Rfe1 Nd5 17. Bd2 Qb6 18. Nc5 Qxb3 19. axb3 b6 20. Bxd5 1-0


[Site "https://www.chess.com"]

[Event "Titled Tuesday Blitz November 22 Early 2022"]
[White "Pranav, V"]
[Black "Aradhya, Garg"]
[WhiteFideId "25060783"]
[BlackFideId "25006746"]
[WhiteElo "2430"]
[BlackElo "2223"]
[Result "1-0"]
[Round "10"]
[TimeControl "180+1"]
[Date "2022.11.22"]
[WhiteClock "0:00:57"]
[BlackClock "0:00:10"]

1. e4 e5 2. Nf3 Nc6 3. Bc4 Nf6 4. Ng5 d5 5. exd5 Na5 6. Bb5+ Bd7 7. Qe2 Be7 8. Nf3 Nxd5 9. Nxe5 Bxb5 10. Qxb5+ c6 11. Qe2 O-O 12. O-O Nb4 13. d3 c5 14. a3 Nbc6 15. Nf3 Bf6 16. Nc3 Re8 17. Qd1 Bxc3 18. bxc3 Qf6 19. Bd2 h6 20. Rb1 b6 21. Re1 Nb7 22. h3 Nd6 23. Nh2 Qf5 24. Qg4 Qxg4 25. hxg4 Rad8 26. f3 f6 27. Nf1 Ne5 28. Ne3 Kf7 29. a4 Nb7 30. c4 Nc6 31. Nf5 Nd4 32. Nxd4 cxd4 33. Rxe8 Rxe8 34. Kf2 Re5 35. Rb5 Ke7 36. f4 Rxb5 37. axb5 Ke6 38. Kf3 Nd6 39. Bb4 g6 40. Bxd6 Kxd6 41. Ke4 Kc5 42. g3 h5 43. gxh5 gxh5 44. f5 Kb4 45. Kxd4 Ka3 46. Kc3 Ka2 47. d4 Ka3 48. d5 Ka4 49. d6 Ka5 50. d7 Ka4 51. d8=Q Ka3 52. Qd6+ Ka2 53. Qb4 Ka1 54. Qb2# 1-0


[Site "https://www.chess.com"]

[Event "Titled Tuesday Blitz November 22 Early 2022"]
[White "Principe, Gerson"]
[Black "Matinian, Nikita"]
[WhiteFideId "3804550"]
[BlackFideId "24129100"]
[WhiteElo "2280"]
[BlackElo "2422"]
[Result "1-0"]
[Round "10"]
[TimeControl "180+1"]
[Date "2022.11.23"]
[WhiteClock "0:00:05"]
[BlackClock "0:00:02"]

1. d4 Nf6 2. Nf3 g6 3. e3 Bg7 4. Be2 O-O 5. O-O d5 6. b3 c5 7. Bb2 Ne4 8. Nbd2 Nc6 9. c3 Nxd2 10. Qxd2 Qd6 11. Rfd1 Bg4 12. dxc5 Qxc5 13. Qxd5 Qb6 14. Qd2 Rad8 15. Qe1 Rc8 16. Nd4 Bd7 17. Rac1 Qa5 18. a3 Qb6 19. b4 Ne5 20. c4 Ba4 21. Rd2 h5 22. h3 a6 23. c5 Qc7 24. Nf3 Nxf3+ 25. Bxf3 e5 26. Bd5 Kh7 27. Qe2 f5 28. Bc4 f4 29. exf4 Rxf4 30. Bd5 Rcf8 31. f3 Bb5 32. Qe1 Qe7 33. Be4 Bh6 34. Rd6 R4f6 35. Rcd1 Bf4 36. Qh4 Kh6 37. Rxf6 Rxf6 38. Qf2 g5 39. Bc1 Ba4 40. Re1 Qg7 41. Bxf4 gxf4 42. Kh2 Bb5 43. Rd1 Qg5 44. h4 Qg7 45. Rd2 Qe7 46. Rd5 Re6 47. Rd2 Rf6 48. g4 fxg3+ 49. Qxg3 Bc6 50. Qg5# 1-0


[Site "https://www.chess.com"]

[Event "Titled Tuesday Blitz November 22 Early 2022"]
[White "Pultinevicius, Paulius"]
[Black "Nakamura, Hikaru"]
[WhiteFideId "12809390"]
[BlackFideId "2016192"]
[WhiteElo "2493"]
[BlackElo "2909"]
[Result "0-1"]
[Round "10"]
[TimeControl "180+1"]
[Date "2022.11.22"]
[WhiteClock "0:00:07"]
[BlackClock "0:00:11"]

1. d4 g6 2. c4 Bg7 3. e4 d6 4. Nc3 Nd7 5. Nf3 Ngf6 6. Be2 O-O 7. O-O e5 8. Be3 Ng4 9. Bg5 f6 10. Bd2 Re8 11. dxe5 dxe5 12. h3 Nh6 13. Be3 c6 14. b4 Qe7 15. Qb3 Nf8 16. Rad1 Be6 17. Qb2 Nf7 18. c5 f5 19. Rfe1 h5 20. exf5 gxf5 21. Qc2 a5 22. b5 h4 23. bxc6 bxc6 24. Na4 Ng6 25. Nb6 Rad8 26. Bc4 Bf6 27. a4 Kh7 28. Kh1 Bxc4 29. Nxc4 e4 30. Nd4 Bxd4 31. Bxd4 Nf4 32. f3 Nd3 33. Qc3 Nxe1 34. Rxe1 Qd7 35. Bf2 exf3 36. Qxf3 Rxe1+ 37. Bxe1 Qd3 38. Ne3 Qb1 39. Qh5+ Nh6 40. Qxh4 Re8 41. Qf2 f4 42. Nc2 f3 43. gxf3 Qd1 44. Ne3 Qc1 45. Ng2 Nf5 46. Kh2 Qd1 47. Qb2 Qxf3 48. Qb7+ Re7 49. Qc8 Rxe1 50. Nxe1 Qg3+ 51. Kh1 Qxe1+ 52. Kg2 Qe2+ 53. Kg1 Qe3+ 54. Kf1 Qxh3+ 55. Ke1 Qe3+ 56. Kd1 Qd4+ 57. Ke1 Qe5+ 58. Kd1 Qd5+ 59. Ke1 Qxc5 60. Qd7+ Qe7+ 61. Qxe7+ Nxe7 62. Kd2 Kg6 63. Kc3 Kf5 64. Kd4 Ke6 65. Kc5 Ke5 66. Kb6 Kd4 67. Kxa5 c5 68. Kb6 c4 69. a5 c3 70. a6 c2 0-1


[Site "https://www.chess.com"]

[Event "Titled Tuesday Blitz November 22 Early 2022"]
[White "Rosh Jain"]
[Black "Mesa Cruz, Juan Carlos"]
[WhiteFideId "25789465"]
[BlackFideId "6423400"]
[WhiteElo "2233"]
[BlackElo "2059"]
[Result "1-0"]
[Round "10"]
[TimeControl "180+1"]
[Date "2022.11.23"]
[WhiteClock "0:00:29"]
[BlackClock "0:00:02"]

1. e4 c5 2. Nf3 d6 3. d4 cxd4 4. Nxd4 Nf6 5. Nc3 a6 6. Bc4 e6 7. Bb3 Be7 8. O-O O-O 9. Bg5 Nbd7 10. Qd2 Nc5 11. Bxf6 Bxf6 12. f4 Nxb3 13. axb3 Qb6 14. Ra4 e5 15. Nd5 Qc5 16. Rc4 Qa7 17. Nxf6+ gxf6 18. fxe5 dxe5 19. Rxf6 exd4 20. Qg5+ Kh8 21. Qe5 d3+ 22. Kh1 Qb8 23. Rd6+ f6 24. Qe7 Be6 25. Qxe6 dxc2 26. Rxc2 Qa7 27. Rc7 Qe3 28. h3 Qe1+ 29. Kh2 Qh4 30. Qd7 Qf4+ 31. Kg1 Qe3+ 32. Kh1 Qh6 33. Qf5 Rae8 34. Rdd7 1-0


[Site "https://www.chess.com"]

[Event "Titled Tuesday Blitz November 22 Early 2022"]
[White "Sadubayev, Airat"]
[Black "Zainullina, Nataliya"]
[WhiteFideId "13713264"]
[BlackFideId "4145488"]
[WhiteElo "2160"]
[BlackElo "2112"]
[Result "1-0"]
[Round "10"]
[TimeControl "180+1"]
[Date "2022.11.23"]
[WhiteClock "0:00:10"]
[BlackClock "0:01:17"]

1. d4 Nf6 2. c4 g6 3. Nc3 d5 4. cxd5 Nxd5 5. e4 Nxc3 6. bxc3 Bg7 7. Nf3 O-O 8. Be3 c5 9. Qd2 Nc6 10. d5 Qa5 11. Rc1 Ne5 12. Nxe5 Bxe5 13. f4 Bg7 14. Be2 e5 15. fxe5 Bxe5 16. O-O Qc7 17. g3 Bxg3 18. Bf3 Be5 19. Rcd1 Qd6 20. Qf2 b6 21. c4 f5 22. Bh6 Bg7 23. Bxg7 Kxg7 24. Qb2+ Kg8 25. e5 Qe7 26. d6 Qg5+ 27. Kh1 Rb8 28. Bd5+ Kh8 29. e6+ Qf6 30. Qxf6+ Rxf6 31. e7 Bd7 32. Bg2 Kg7 33. Rfe1 Re8 34. Rd2 Kf7 35. Bd5+ Kg7 36. Bb7 Rb8 37. Ba6 Bc6+ 38. Kg1 Bd7 39. Bb5 Bxb5 40. cxb5 Kf7 41. d7 Re6 42. Rxe6 Kxe6 43. e8=Q+ 1-0


[Site "https://www.chess.com"]

[Event "Titled Tuesday Blitz November 22 Early 2022"]
[White "Salman, Pavel"]
[Black "Ostrovskiy, Aleksandr"]
[WhiteFideId "24153753"]
[BlackFideId "2034239"]
[WhiteElo "2187"]
[BlackElo "2340"]
[Result "0-1"]
[Round "10"]
[TimeControl "180+1"]
[Date "2022.11.23"]
[WhiteClock "0:00:07"]
[BlackClock "0:00:16"]

1. Nf3 g6 2. d4 Bg7 3. c4 e6 4. Nc3 Ne7 5. h4 h6 6. h5 g5 7. e4 d5 8. cxd5 exd5 9. exd5 Nxd5 10. Bc4 Nb6 11. Qe2+ Qe7 12. Qxe7+ Kxe7 13. Bd3 Nc6 14. Nb5 g4 15. Nd2 Nb4 16. Be4 c6 17. Nc7 Rb8 18. a3 f5 19. Bb1 N4d5 20. Nxd5+ Nxd5 21. O-O Bxd4 22. Nb3 Bg7 23. Re1+ Kf7 24. Ba2 Rd8 25. Nc5 b6 26. Bf4 Ra8 27. Nd3 Be6 28. Be5 Bf8 29. Bd4 Bd6 30. Be5 Rac8 31. Bxd6 Rxd6 32. Ne5+ Kf6 33. Rad1 Rcd8 34. Rc1 c5 35. Nd3 Nc7 36. Nf4 Bxa2 37. Kh2 Bf7 38. Re3 Ne6 39. Ne2 f4 40. Rec3 Bxh5 41. g3 f3 42. Ng1 Bg6 43. Nxf3 gxf3 44. Rxf3+ Kg7 45. Re1 Nd4 46. Re7+ Kg8 47. Rf4 R6d7 48. Re5 Rf7 49. Rg4 Nf3+ 50. Kg2 Nxe5 0-1


[Site "https://www.chess.com"]

[Event "Titled Tuesday Blitz November 22 Early 2022"]
[White "Sarana, Alexey"]
[Black "Kosakowski, Jakub"]
[WhiteFideId "24133795"]
[BlackFideId "1185080"]
[WhiteElo "2708"]
[BlackElo "2463"]
[Result "1/2-1/2"]
[Round "10"]
[TimeControl "180+1"]
[Date "2022.11.22"]
[WhiteClock "0:00:07"]
[BlackClock "0:00:07"]

1. d4 d5 2. c4 e5 3. dxe5 d4 4. Nf3 Nc6 5. Nbd2 Nge7 6. Nb3 Nf5 7. g4 Nh4 8. Nbxd4 Bb4+ 9. Bd2 Nxd4 10. Bxb4 Ndxf3+ 11. exf3 Qxd1+ 12. Kxd1 Nxf3 13. h3 Nxe5 14. Kc2 Be6 15. Bc3 Nxc4 16. Bxg7 Rg8 17. Bf6 h6 18. Re1 Nb6 19. Bg2 c6 20. f4 Kf8 21. a3 h5 22. g5 Nd5 23. Be5 f6 24. Bxd5 Bxd5 25. Bd6+ Kf7 26. Rhg1 Rae8 27. Rxe8 Kxe8 28. Kd3 Kd7 29. Bc5 b6 30. Bd4 fxg5 31. fxg5 c5 32. Bf6 Bf7 33. Kc3 Bg6 34. h4 Re8 35. Rg3 Kc6 36. Rf3 Re6 37. b3 a5 38. b4 cxb4+ 39. axb4 Kb5 40. bxa5 bxa5 41. Bd4 a4 42. Rf8 Rc6+ 43. Kd2 Rd6 44. Ke3 Re6+ 45. Kf3 a3 46. Kf2 Kc4 47. Bf6 Ra6 48. Rg8 a2 49. Rxg6 a1=Q 50. Bxa1 Rxg6 51. Ke3 Kd5 52. Kf4 Ke6 53. Bd4 Rg8 54. Ke4 Rg6 55. Kf4 Rg8 56. Ke4 Rb8 57. g6 Rb4 58. g7 Kf7 59. Ke3 Rb3+ 60. Kf4 Rh3 61. Kg5 Rg3+ 62. Kh6 Kg8 63. Bf6 Rg4 64. Kxh5 Rxg7 65. Bxg7 Kxg7 66. Kg5 Kh8 67. Kh6 Kg8 68. Kg6 Kh8 69. h5 Kg8 70. h6 Kh8 71. h7 1/2-1/2


[Site "https://www.chess.com"]

[Event "Titled Tuesday Blitz November 22 Early 2022"]
[White "Saravana, Krishnan P."]
[Black "Rios Escobar, Adan"]
[WhiteFideId "5018382"]
[BlackFideId "3403645"]
[WhiteElo "2155"]
[BlackElo "2357"]
[Result "1-0"]
[Round "10"]
[TimeControl "180+1"]
[Date "2022.11.23"]
[WhiteClock "0:00:05"]
[BlackClock "0:00:02"]

1. d4 Nf6 2. c4 g6 3. Nc3 Bg7 4. e4 d6 5. Be2 O-O 6. Be3 Nc6 7. d5 Ne5 8. h3 c6 9. f4 Ned7 10. Nf3 cxd5 11. exd5 Nh5 12. Kf2 Nc5 13. g4 Nf6 14. Qc2 Bxg4 15. Rag1 Bf5 16. Qc1 Nfe4+ 17. Nxe4 Nxe4+ 18. Kf1 Qd7 19. Ke1 Rfc8 20. Nh4 e6 21. dxe6 Qxe6 22. Nxf5 Qxf5 23. Kf1 h5 24. b3 b5 25. Rh2 bxc4 26. bxc4 d5 27. Kg2 dxc4 28. Bf3 c3 29. Kh1 Rc4 30. Rgg2 Rac8 31. Qc2 Re8 32. Bg1 h4 33. Bg4 Qd5 34. Bf3 Qe6 35. f5 Qxf5 36. Bd1 Qe5 37. Rg4 Ng3+ 38. Kg2 Nf5 39. Kf1 Ne3+ 40. Bxe3 Rxg4 41. Re2 Qf6+ 42. Bf2 Rf4 43. Rxe8+ Kh7 44. Qe2 Bh6 45. Bc2 Qd6 46. Re3 Rf6 47. Rf3 Re6 48. Rxf7+ Kg8 49. Qf3 Bg7 50. Rb7 Qa6+ 51. Kg2 Rf6 52. Qd5+ Kh7 53. Rxg7+ Kxg7 54. Qd4 Kf7 55. Bb3+ Kg7 56. Qxc3 Qc6+ 57. Qxc6 Rxc6 58. Bxa7 Rd6 59. Bf2 g5 60. Kf3 Rd3+ 61. Be3 Kh6 62. Bc4 Rc3 63. Be6 Ra3 64. Ke4 Ra6 65. Kf5 Ra5+ 66. Kf6 Kh5 67. Bf7+ Kh6 68. a4 Rxa4 69. Bxg5+ Kh7 70. Bg6+ Kh8 71. Bf5 Ra6+ 72. Kf7 Ra4 73. Bf6# 1-0


[Site "https://www.chess.com"]

[Event "Titled Tuesday Blitz November 22 Early 2022"]
[White "Savic, Miroslav"]
[Black "Aarav Dengla"]
[WhiteFideId "14508494"]
[BlackFideId "45059756"]
[WhiteElo "2209"]
[BlackElo "2261"]
[Result "0-1"]
[Round "10"]
[TimeControl "180+1"]
[Date "2022.11.23"]
[WhiteClock "0:01:05"]
[BlackClock "0:02:08"]

1. Nf3 d5 2. d4 e6 3. c4 a6 4. e3 Nf6 5. Nc3 Be7 6. Ne5 O-O 7. f4 dxc4 8. Bxc4 b5 9. Bd3 c5 10. dxc5 Bxc5 11. O-O Bb7 12. Qe2 Nbd7 13. Nxd7 Qxd7 14. Rd1 Qc6 15. a3 Rfd8 16. b4 Bb6 17. Kh1 Qxc3 18. Bb2 Qc6 19. Bxf6 gxf6 20. Qg4+ Kh8 21. Qh4 Qxg2# 0-1


[Site "https://www.chess.com"]

[Event "Titled Tuesday Blitz November 22 Early 2022"]
[White "Seletsky, Grigory"]
[Black "Cramling Bellon, Anna"]
[WhiteFideId "14112191"]
[BlackFideId "32009232"]
[WhiteElo "2492"]
[BlackElo "1972"]
[Result "1-0"]
[Round "10"]
[TimeControl "180+1"]
[Date "2022.11.23"]
[WhiteClock "0:00:28"]
[BlackClock "0:00:01"]

1. e4 c5 2. Nc3 Nc6 3. d3 g6 4. Be3 d6 5. d4 cxd4 6. Bxd4 Nf6 7. Bxf6 exf6 8. Bd3 Be6 9. Nge2 d5 10. exd5 Bxd5 11. Nf4 Bb4 12. Qe2+ Ne7 13. O-O Bxc3 14. bxc3 O-O 15. Nxd5 Nxd5 16. c4 Nf4 17. Qf3 Nxd3 18. cxd3 Qd4 19. Rfd1 b6 20. a4 a5 21. Rab1 Rad8 22. h3 f5 23. Rb3 Rd6 24. Rdb1 Rfd8 25. Qe3 Qxe3 26. fxe3 Rxd3 27. Rxd3 Rxd3 28. Rxb6 Rxe3 29. Rb5 Rc3 30. c5 Kf8 31. Rxa5 Ke7 32. Ra7+ Ke6 33. Ra6+ Kd5 34. Rf6 Rxc5 35. Rxf7 Ra5 36. Rxh7 Rxa4 37. Rh6 g5 38. Rh5 Ke4 39. Rxg5 Kf4 40. Rg8 Ra1+ 41. Kh2 Ra6 42. h4 Rh6 43. Kh3 Ke5 44. Rf8 Ke6 45. Ra8 Kf7 46. Ra7+ Kg8 47. Ra5 Rh5 48. g3 Kg7 49. Kg2 Kg6 50. Ra6+ Kf7 51. Kf3 1-0


[Site "https://www.chess.com"]

[Event "Titled Tuesday Blitz November 22 Early 2022"]
[White "Sharifov, Mekhriddin"]
[Black "Kuznetsov, Mikhail"]
[WhiteFideId "14701545"]
[BlackFideId "4117190"]
[WhiteElo "2109"]
[BlackElo "1981"]
[Result "1-0"]
[Round "10"]
[TimeControl "180+1"]
[Date "2022.11.23"]
[WhiteClock "0:01:47"]
[BlackClock "0:01:42"]

1. e4 c6 2. d4 d5 3. Nc3 a6 4. h4 h5 5. a3 g6 6. Be3 Nf6 7. f3 dxe4 8. fxe4 Ng4 9. Bf4 Bg7 10. Nf3 Nd7 11. Qd2 O-O 12. O-O-O b5 13. e5 Nb6 14. Kb1 Bf5 15. Bd3 Bxd3 16. cxd3 Nd5 17. Ne4 Nxf4 18. Qxf4 Nf2 19. Nxf2 1-0


[Site "https://www.chess.com"]

[Event "Titled Tuesday Blitz November 22 Early 2022"]
[White "Shimanov, Aleksandr"]
[Black "Ajay, Karthikeyan"]
[WhiteFideId "4198603"]
[BlackFideId "35011685"]
[WhiteElo "2605"]
[BlackElo "2337"]
[Result "1-0"]
[Round "10"]
[TimeControl "180+1"]
[Date "2022.11.22"]
[WhiteClock "0:00:26"]
[BlackClock "0:00:05"]

1. e4 e5 2. Nf3 Nc6 3. Nc3 Nf6 4. h3 Bc5 5. Nxe5 Nxe5 6. d4 Bxd4 7. Qxd4 d6 8. Bg5 h6 9. Bh4 a6 10. O-O-O g5 11. Bg3 Nc6 12. Qe3 Qe7 13. Bc4 Be6 14. Bb3 O-O-O 15. Rhe1 Rhe8 16. Ba4 b5 17. Nxb5 axb5 18. Bxb5 Kb7 19. Qc3 Na7 20. Bxe8 Nxe8 21. Re3 Ka8 22. Qa5 Rb8 23. Ra3 Rb7 24. Rd4 c5 25. Rda4 f6 26. Qa6 Qc7 27. Qd3 Kb8 28. Ra6 Bf7 29. Rxd6 Kc8 30. Rxf6 Qe7 31. Rxh6 c4 32. Qd4 Nc7 33. Rxa7 Rxa7 34. Qxa7 c3 35. Rh8+ 1-0


[Site "https://www.chess.com"]

[Event "Titled Tuesday Blitz November 22 Early 2022"]
[White "Shuvalov, Evgenij"]
[Black "Gonzalez, Francisco Silva"]
[WhiteFideId "4187237"]
[BlackFideId "1512285"]
[WhiteElo "2049"]
[BlackElo "2159"]
[Result "1-0"]
[Round "10"]
[TimeControl "180+1"]
[Date "2022.11.23"]
[WhiteClock "0:00:17"]
[BlackClock "0:01:03"]

1. e4 e5 2. Nf3 Nc6 3. Nc3 Nf6 4. Nxe5 Nxe5 5. d4 Ng6 6. e5 Ng8 7. Bc4 d5 8. Bxd5 N8e7 9. Bg5 Qd7 10. Be4 Nf5 11. Ne2 c5 12. c3 cxd4 13. cxd4 Bb4+ 14. Bd2 Bxd2+ 15. Qxd2 O-O 16. O-O Rd8 17. Bxf5 Qxf5 18. Qe3 Be6 19. f4 Bd5 20. Ng3 Qg4 21. f5 Nh4 22. Rf2 Bxg2 23. Rxg2 Rxd4 24. Rf2 Rad8 25. Raf1 Rd1 26. e6 fxe6 27. fxe6 Rxf1+ 28. Rxf1 Re8 29. e7 g5 30. Qb3+ Kh8 31. Rf8+ Kg7 32. Qg8+ Kh6 33. Rf6+ Ng6 34. Qf8+ 1-0


[Site "https://www.chess.com"]

[Event "Titled Tuesday Blitz November 22 Early 2022"]
[White "Simonovic, Miroslav"]
[Black "Gonzalez Vega, Alejandro"]
[WhiteFideId "919152"]
[BlackFideId "3510042"]
[WhiteElo "2043"]
[BlackElo "2281"]
[Result "1-0"]
[Round "10"]
[TimeControl "180+1"]
[Date "2022.11.23"]
[WhiteClock "0:00:17"]
[BlackClock "0:00:03"]

1. d4 d5 2. Bg5 h6 3. Bh4 c6 4. e3 Qb6 5. b3 Bf5 6. Bd3 Bxd3 7. Qxd3 e6 8. f4 Nd7 9. Nd2 c5 10. c3 cxd4 11. exd4 Rc8 12. Ne2 Ngf6 13. O-O Bd6 14. c4 Qa6 15. Rf3 O-O 16. c5 Qxd3 17. Rxd3 Be7 18. Nc3 b6 19. b4 Rfe8 20. Re1 bxc5 21. bxc5 Bd8 22. Nb5 Be7 23. Nxa7 Ra8 24. Nc6 Rxa2 25. Nxe7+ Rxe7 26. Rb1 Re8 27. c6 Nf8 28. Bxf6 gxf6 29. Nb3 Rc2 30. Rc1 Rxc1+ 31. Nxc1 Rc8 32. Rc3 e5 33. fxe5 fxe5 34. dxe5 Ne6 35. Nd3 Kf8 36. Nb4 d4 37. Rc4 Ke8 38. Nd5 d3 39. Kf2 Nc7 40. Nxc7+ Rxc7 41. Ke3 Ke7 42. Kxd3 Ke6 43. Ke4 f5+ 44. exf6 Kxf6 45. Kd5 Ke7 46. Re4+ Kd8 47. Re6 Rg7 48. g3 Kc7 49. Rxh6 Rg5+ 50. Ke4 Rg4+ 51. Kf3 Rc4 52. h4 Rd4 53. Rf6 Rc4 54. g4 Rc3+ 55. Kf4 Rc4+ 56. Kg5 Rc5+ 57. Kg6 Rc4 58. Kh5 Rc5+ 59. g5 Rd5 60. Kh6 Rd4 61. h5 Rh4 62. g6 Rg4 63. g7 Rg3 64. Rg6 1-0


[Site "https://www.chess.com"]

[Event "Titled Tuesday Blitz November 22 Early 2022"]
[White "Skliarov, Viktor"]
[Black "Pranav Anand"]
[WhiteFideId "14106736"]
[BlackFideId "46626786"]
[WhiteElo "2284"]
[BlackElo "2402"]
[Result "0-1"]
[Round "10"]
[TimeControl "180+1"]
[Date "2022.11.22"]
[WhiteClock "0:00:03"]
[BlackClock "0:00:31"]

1. e4 e5 2. Nc3 Nc6 3. Bc4 Nf6 4. d3 Bc5 5. a3 a6 6. h3 d6 7. Nge2 O-O 8. Ng3 Be6 9. Nd5 Bxd5 10. exd5 Ne7 11. Qf3 h6 12. Bxh6 Nh7 13. Be3 Bxe3 14. fxe3 f5 15. O-O-O Qd7 16. Ne2 Nf6 17. e4 b5 18. Bb3 a5 19. exf5 Qxf5 20. Qxf5 Nxf5 21. Nc3 Rab8 22. a4 b4 23. Nb5 Rf7 24. g4 Ne3 25. Rde1 Ng2 26. Re2 Nf4 27. Ree1 g5 28. h4 Nxg4 29. hxg5 Kg7 30. d4 Re8 31. dxe5 Nxe5 32. Kb1 Rh8 33. Rxh8 Kxh8 34. Nd4 Kg7 35. Ne6+ Kg6 36. Rh1 Nxe6 37. dxe6 Re7 38. Rh8 Kxg5 39. Ra8 Nc6 40. Ra6 Nd4 41. Rxa5+ c5 42. Bd5 Kf4 43. c4 Nxe6 44. Ra8 Nd4 45. Rf8+ Kg3 46. Rf1 Ra7 47. b3 Kg4 48. Kb2 Re7 49. Rf2 Kg3 50. Rg2+ Kh3 51. Rf2 Re3 52. a5 Rxb3+ 53. Kc1 Ra3 54. Rf6 Rxa5 55. Rxd6 Kg3 56. Rf6 Ra3 57. Kb2 Rc3 58. Kb1 Re3 59. Kb2 Re2+ 60. Kb1 Rf2 61. Rg6+ Kf4 62. Rg7 Ke3 63. Rg3+ Kd2 64. Rg5 Re2 65. Bg8 Kc3 66. Rxc5 Re1+ 67. Ka2 b3+ 68. Ka3 Ra1# 0-1


[Site "https://www.chess.com"]

[Event "Titled Tuesday Blitz November 22 Early 2022"]
[White "Sreyas Payyappat"]
[Black "Osmonbekov, Talaibek"]
[WhiteFideId "46674969"]
[BlackFideId "2017253"]
[WhiteElo "2083"]
[BlackElo "2135"]
[Result "0-1"]
[Round "10"]
[TimeControl "180+1"]
[Date "2022.11.23"]
[WhiteClock "0:01:28"]
[BlackClock "0:00:54"]

1. e4 c5 2. Nf3 d6 3. d4 cxd4 4. Nxd4 Nf6 5. Nc3 g6 6. f4 Nbd7 7. Be3 Bg7 8. Be2 O-O 9. O-O Nc5 10. Bf3 Ne6 11. Nxe6 Bxe6 12. Qe2 Rc8 13. Rad1 Bc4 14. Qf2 Bxf1 15. Qxf1 Qa5 16. Bd4 Rfd8 17. a3 Nh5 18. Bxh5 Bxd4+ 19. Rxd4 Qxh5 20. Qd3 Qc5 21. Kf1 a6 22. e5 b5 23. exd6 Rxd6 24. Rxd6 Qxd6 25. Qxd6 exd6 26. Ke2 f6 27. Kd3 Kf7 28. Ne4 Ke6 29. b3 d5 30. Nd2 Kd6 31. b4 Re8 32. Nf3 Re4 33. g3 h6 34. Nh4 Re1 35. Nxg6 Ra1 36. Nh4 Rxa3+ 37. c3 Ra2 38. Nf5+ Ke6 39. Nxh6 Rxh2 40. f5+ Ke7 41. Ng4 Rg2 42. Ne3 Rxg3 43. Kd4 Kd6 44. Kd3 Ke5 45. Ke2 Rxe3+ 46. Kxe3 Kxf5 47. Kd4 Ke6 48. Kc5 f5 49. Kd4 f4 50. Kd3 Ke5 51. Ke2 Ke4 0-1


[Site "https://www.chess.com"]

[Event "Titled Tuesday Blitz November 22 Early 2022"]
[White "Stijve, Theo"]
[Black "Kim, Sergey"]
[WhiteFideId "1331132"]
[BlackFideId "13700570"]
[WhiteElo "2256"]
[BlackElo "2614"]
[Result "1/2-1/2"]
[Round "10"]
[TimeControl "180+1"]
[Date "2022.11.23"]
[WhiteClock "0:00:11"]
[BlackClock "0:00:14"]

1. c4 Nf6 2. Nc3 g6 3. b3 Bg7 4. Bb2 d6 5. g3 O-O 6. Bg2 e5 7. e3 Re8 8. Nge2 c6 9. O-O Nbd7 10. d4 e4 11. d5 c5 12. Qc2 Qe7 13. h3 h5 14. Nf4 Nf8 15. Rae1 Bf5 16. Qd1 N8h7 17. f3 Ng5 18. g4 exf3 19. gxf5 fxg2 20. Kxg2 Nfe4 21. Na4 Bxb2 22. Nxb2 Nc3 23. Qc2 Nge4 24. Kh2 Qe5 25. fxg6 fxg6 26. Rg1 g5 27. Rxg5+ Nxg5 28. Qg6+ Qg7 29. Qxh5 Re5 30. Rg1 Nce4 31. Nbd3 Rf5 32. Qg4 Raf8 33. h4 Qh7 34. Qh5 Qxh5 35. Nxh5 Kh8 36. hxg5 Rxg5 37. Rxg5 Nxg5 38. Nhf4 Ne4 39. Ng6+ Kg7 40. Nxf8 Kxf8 41. Kg2 Nc3 42. Nc1 Ke7 43. Kf3 Kf6 44. Kf4 a6 45. a3 b5 46. cxb5 axb5 47. b4 c4 48. e4 Nb1 49. Ke3 Nxa3 50. Kd4 Nc2+ 51. Kc3 Ne3 52. Ne2 Ke5 53. Kd2 Ng4 54. Nc3 Nf2 55. Nxb5 Nxe4+ 56. Kc2 Kxd5 57. Na3 Kd4 58. b5 d5 59. b6 Nc5 60. Nb5+ Ke5 61. Nc3 Nb7 62. Nb5 d4 63. Na3 Kd5 64. Nb5 Kc5 65. Na3 Kb4 66. Nb1 Kc5 67. Nd2 Nd6 68. Nf3 d3+ 69. Kc3 Kxb6 70. Ne5 Nb5+ 71. Kd2 Kc5 72. Nxd3+ Kd4 73. Nb2 c3+ 74. Kc2 Na3+ 75. Kb3 Nb1 76. Na4 Nd2+ 77. Kc2 Ne4 78. Nxc3 1/2-1/2


[Site "https://www.chess.com"]